 Dungeon Crawl Stone Soup version 0.28.0-53-g5a82cb258f (webtiles) character file.

Game seed: 1447009139156209821

445 Sin92 the Skirmisher (level 6, -5/48 HPs)
             Began as a Demonspawn Fighter on June 22, 2022.
             Slain by a gnoll
             ... wielding a +0 halberd
              (10 damage)
             ... on level 4 of the Dungeon.
             The game lasted 00:04:38 (3920 turns).

Sin92 the Skirmisher (Demonspawn Fighter)           Turns: 3920, Time: 00:04:38

Health: -5/48      AC: 13    Str: 22    XL:     6   Next: 72%
Magic:  1/6        EV:  8    Int:  9    God:
Gold:   198        SH:  5    Dex: 15    Spells: 5/5 levels left

rFire   . . .      SeeInvis .   a - +0 long sword
rCold   . . .      Faith    .   c - +0 buckler
rNeg    . . .      Spirit   .   i - +0 chain mail
rPois   .          Reflect  .   (no helmet)
rElec   .          Harm     .   k - +0 cloak
rCorr   .          Rampage  .   (no gloves)
Will    .....                   (no boots)
Stlth   ..........              (no amulet)
HPRegen 0.16/turn               b - +6 ring of strength
MPRegen 0.10/turn               (no ring)

@: flying
A: molten scales 2, ignite blood 1, weakness stinger 2
a: no special abilities


You were on level 4 of the Dungeon.
You visited 1 branch of the dungeon, and saw 4 of its levels.

You collected 198 gold pieces.

Inventory:

Hand Weapons
 a - a +0 long sword (weapon)
Armour
 c - a +0 buckler (worn)
 i - a +0 chain mail (worn)
 k - a +0 cloak (worn)
Jewellery
 b - a +6 ring of strength (left hand)
Scrolls
 d - a scroll of noise {unknown}
 f - 3 scrolls of identify
 g - a scroll of magic mapping {unknown}
Potions
 e - 3 potions of brilliance


   Skills:
 + Level 4.1 Fighting
 * Level 4.0 Long Blades
 + Level 3.7 Armour
 + Level 2.2 Dodging
 + Level 3.7 Shields


You had 5 spell levels left.
You didn't know any spells.
Your spell library contained the following spells:

 Spells                   Type           Power      Damage    Failure   Level
 Magic Dart               Conj           0%         1d3       99%         1
 Call Imp                 Summ           0%         N/A       100%        2
 Mephitic Cloud           Conj/Pois/Air  0%         N/A       100%        3


Dungeon Overview and Level Annotations

Branches:
Dungeon (4/15)
 Temple: D:4-7

Altars:
Cheibriados
Hepliaklqana
Trog
Uskayaw
Vehumet


Innate Abilities, Weirdness & Mutations

You are mostly covered in molten scales. (AC +3)
Your demonic aura sometimes causes spilled blood to erupt in flames.
You have a tail ending in a sharp stinger.


Message History

You hit the scorpion. You tail-slap the scorpion.
You kill the scorpion!
You block the gnoll's attack. The kobold hits you but does no damage.
You block the gnoll's attack. The kobold barely misses you.
Your Long Blades skill increases to level 4!
You slash the kobold!
You kill the kobold!
The gnoll hits you from afar with a +1 antimagic halberd.
You feel your power leaking away.
Unknown command.
Unknown command.
Unknown command.
You block the gnoll's attack. The gnoll hits you but does no damage.
The gnoll hits you with a +1 antimagic halberd!
You feel your power leaking away.
You hit the gnoll but do no damage. The gnoll barely misses you.
The gnoll hits you with a +1 antimagic halberd.
You closely miss the gnoll.
The gnoll hits you from afar with a +0 halberd!
The gnoll misses you.
You slash the gnoll!
The gnoll is severely wounded.
The gnoll hits you from afar with a +0 halberd!
* * * LOW HITPOINT WARNING * * *
The gnoll hits you with a +1 antimagic halberd.
* * * LOW HITPOINT WARNING * * *
The gnoll closely misses you. The gnoll barely misses you.
You slash the gnoll!
You kill the gnoll!
The gnoll hits you from afar with a +0 halberd.
* * * LOW HITPOINT WARNING * * *
Unknown command.
It was a potion of flight.
You feel very buoyant.
You fly up into the air.
The gnoll hits you from afar with a +0 halberd.
* * * LOW HITPOINT WARNING * * *
The gnoll hits you with a +0 halberd!
You die...

##.... ###...†.
#######.......
#####..>..........
#.................
#.###.........#...
#.# ####......##..
#.# ##.....####
#@# ##....#
#g.......#....#
#......_.#....#
#........######
###.8...# #...##
####


You could see a gnoll.

Vanquished Creatures
  Edmund (D:4)
  A scorpion (D:4)
  An orc priest (D:3)
  A centaur skeleton (D:4)
  2 orc wizards (D:4)
  5 adders
  A gnoll (D:4)
  2 worms (D:3)
  A dart slug (D:4)
  12 orcs
  7 ball pythons
  10 bats
  6 endoplasms
  4 giant cockroaches
  7 goblins
  12 hobgoblins
  3 quokkas
  A frilled lizard (D:3)
  13 kobolds
  9 rats
99 creatures vanquished.

Notes
Turn   | Place    | Note
-------+----------+-------------------------------------------
     0 | D:1      | Sin92 the Demonspawn Fighter began the quest for the Orb.
     0 | D:1      | Reached XP level 1. HP: 18/18 MP: 1/1
   377 | D:1      | Gained mutation: You are partially covered in molten
                  | scales. (AC +2) [demonic ancestry]
   377 | D:1      | Reached XP level 2. HP: 20/24 MP: 2/2
   491 | D:1      | Found a faded altar of an unknown god.
  1100 | D:1      | Gained mutation: You have a small tail. [demonic ancestry]
  1100 | D:1      | Reached XP level 3. HP: 29/29 MP: 3/3
  1805 | D:2      | Reached skill level 1 in Dodging
  2220 | D:3      | Gained mutation: You are mostly covered in molten scales.
                  | (AC +3) [demonic ancestry]
  2220 | D:3      | Reached XP level 4. HP: 25/35 MP: 4/4
  2651 | D:3      | Found a hide-covered altar of Uskayaw.
  2723 | D:3      | Found a snail-covered altar of Cheibriados.
  3296 | D:3      | Found a hazy altar of Hepliaklqana.
  3438 | D:4      | Gained mutation: Your demonic aura sometimes causes spilled
                  | blood to erupt in flames. [demonic ancestry]
  3438 | D:4      | Reached XP level 5. HP: 40/41 MP: 5/5
  3539 | D:4      | Noticed Edmund
  3551 | D:4      | Killed Edmund
  3552 | D:4      | Gained mutation: You have a tail ending in a sharp stinger.
                  | [demonic ancestry]
  3552 | D:4      | Reached XP level 6. HP: 35/48 MP: 6/6
  3697 | D:4      | Found a radiant altar of Vehumet.
  3903 | D:4      | Found a bloodstained altar of Trog.
  3920 | D:4      | Slain by a gnoll

Illustrated notes

Levels and vault maps discovered:
D:1:      dpeg_arrival_concentric_ovals, layout_loops_corners,
          ebering_ecumenical_altar_box, minmay_tromino_v2
D:2:      layout_loops_ring, grunt_ministairs_10
D:3:      layout_basic, mainiacjoe_overflow_tiny_flanked, marbit_many_paths,
          cheibrodos_worm_habitat
D:4:      layout_rooms, trog_antimagical, mainiacjoe_overflow_six_doors_small,
          uniq_edmund

Skill      XL: |  1  2  3  4  5  6 |
---------------+-------------------+-----
Long Blades    | 2 3 4 |  4.0
Armour         | 3 |  3.7
Shields        | 3 |  3.7
Dodging        | 1 2 |  2.2
Fighting       | 4 |  4.1

Action                   |  1- 3 |  4- 6 || total
-------------------------+-------+-------++-------
Melee: Long sword        |   156 |   143 ||   299
       Tailslap          |     6 |    25 ||    31
  Use: Scroll            |     1 |     1 ||     2
       Potion            |       |     2 ||     2
Armor: Scale mail        |    54 |       ||    54
       Chain mail        |    43 |   104 ||   147
Dodge: Dodged            |    63 |    43 ||   106
Block: Buckler           |    35 |    29 ||    64
